 Dungeon Crawl Stone Soup version 0.19-a0-160-gd53b84c (webtiles) character file.

108 wvc the Magician (level 4, -3/33 HPs)
             Began as a Demonspawn Wizard on May 21, 2016.
             Splashed by Ijyb's acid (14 damage)
             ... on level 2 of the Dungeon.
             The game lasted 00:05:31 (2386 turns).

wvc the Magician (Demonspawn Wizard)                Turns: 2386, Time: 00:05:32

Health: -3/33      AC: 11    Str:  7    XL:     4   Next: 58%
Magic:  8/8        EV: 10    Int: 20    God:
Gold:   143        SH:  0    Dex: 12    Spells: 1 memorised, 8 levels left

rFire  + . .     SeeInvis .     a - +1 hand axe (drain)
rCold  + . .     Gourm    .     j - +4 scale mail {rC+}
rNeg   . . .     Faith    .     (no shield)
rPois  .         Spirit   .     b - +0 hat
rElec  .         Dismiss  .     (no cloak)
rCorr  .         Reflect  .     f - +0 pair of gloves (curse)
SustAt .         Harm     .     (no boots)
MR     .....                    (no amulet)
Stlth  ..........               (no ring)
                                l - +3 ring of evasion

@: heavily drained, not resistant to hostile enchantments, extremely unstealthy
A: antennae 1, fire resistance 1
a: no special abilities


You were on level 2 of the Dungeon.
You were not hungry.

You visited 1 branch of the dungeon, and saw 2 of its levels.

You collected 143 gold pieces.

Inventory:

Hand Weapons
 a - a +1 hand axe of draining (weapon)
Missiles
 e - 85 stones (quivered)
 g - 7 javelins
Armour
 b - a +0 hat (worn)
 f - a cursed +0 pair of gloves (worn)
 j - a +4 scale mail of cold resistance (worn)
Magical Staves
 o - an uncursed staff of fire
Jewellery
 l - a +3 ring of evasion (left hand)
Scrolls
 k - a scroll of remove curse {unknown}
 q - 3 scrolls of identify {unknown}
 r - a scroll of immolation {unknown}
Potions
 m - a potion of ambrosia {unknown}
 p - a potion of lignification {unknown}
Books
 c - a book of Minor Magic

   Spells                             Type                      Level
   a - Magic Dart                     Conjuration                  1
   b - Blink                          Translocation                2
   c - Call Imp                       Summoning                    2
   d - Repel Missiles                 Charms/Air                   2
   e - Slow                           Hexes                        2
   f - Conjure Flame                  Conjuration/Fire             3
   g - Mephitic Cloud                 Conjuration/Poison/Air       3
Comestibles
 d - 2 bread rations
 h - 2 slices of pizza
 i - 3 meat rations
 n - 8 fruits
 s - a chunk of flesh


   Skills:
 + Level 2.2(1.0) Fighting
 * Level 2.7(1.5) Axes
 - Level 1.0(0.0) Armour
 - Level 1.7(0.5) Dodging
 - Level 1.7(0.5) Stealth
 - Level 3.0(1.7) Spellcasting
 - Level 1.0(0.0) Conjurations
   Level 1.0(0.0) Summonings
   Level 0.8(0.0) Translocations


You had 8 spell levels left.
You knew the following spells:

 Your Spells              Type           Power        Failure   Level  Hunger
a - Magic Dart            Conj           #...         99%         1    #......


Dungeon Overview and Level Annotations

Branches:
Dungeon (2/15)

Altars:
Nemelex Xobeh
Okawaru
Qazlal
Yredelemnul

Annotations:
D:2 Ijyb


Innate Abilities, Weirdness & Mutations

You have a pair of small antennae on your head.
Your flesh is heat resistant.


Message History

No target in view!
No target in view!
n - 8 fruits (gained 5) Eating one of 2 chunks of flesh.
This raw flesh tastes terrible.
You continue eating. x2
There is an open door here.
There is a stormy altar of Qazlal here.
There is a stormy altar of Qazlal here.
There is a stone staircase leading up here.
Found a sparkling altar of Nemelex Xobeh.
No target in view!
Ijyb the Twisted Goblin comes into view.
He is wielding a club.
Ijyb shouts!
Ijyb is nearby!
Ijyb zaps a wand.
The bolt of acid misses you.
It is a wand of acid.
Ijyb zaps a wand.
The bolt of acid hits you!
The acid burns!
Found a meat ration.
Ijyb screams, "It's all mine!"
Ijyb zaps a wand.
The bolt of acid hits you!
The acid burns!
You die...

#............#
####.#######.# .#
### #.# .# #####.#
.. +_+...# #+###.# #
#.# #.########
.%..###.###.........
#.g..@....########
...................
###################


You could see Ijyb.

Vanquished Creatures
  Terence (D:2)
  2 adders (D:2)
  3 oozes
  3 dart slugs (D:1)
  A giant gecko (D:2)
  2 giant cockroaches
  4 goblins (D:1)
  4 hobgoblins
  2 jackals (D:1)
  8 kobolds
  A quokka (D:2)
  8 bats
  4 giant newts
  6 rats
49 creatures vanquished.

Vanquished Creatures (others)
  A kobold (D:2)
1 creature vanquished.

Grand Total: 50 creatures vanquished

Notes
Turn   | Place    | Note
--------------------------------------------------------------
     0 | D:1      | wvc the Demonspawn Wizard began the quest for the Orb.
     0 | D:1      | Reached XP level 1. HP: 13/13 MP: 4/4
   250 | D:1      | Reached skill level 1 in Fighting
   250 | D:1      | Reached skill level 1 in Armour
   250 | D:1      | Gained mutation: Your flesh is heat resistant. [demonic ancestry]
   250 | D:1      | Reached XP level 2. HP: 21/21 MP: 0/6
   576 | D:1      | Reached skill level 1 in Axes
   814 | D:1      | Reached XP level 3. HP: 21/26 MP: 5/7
  1496 | D:2      | Found a basalt altar of Yredelemnul.
  1504 | D:2      | Found an iron altar of Okawaru.
  1781 | D:2      | Noticed Terence
  1802 | D:2      | Killed Terence
  1802 | D:2      | Gained mutation: You have a pair of small antennae on your head. [demonic ancestry]
  1802 | D:2      | Reached XP level 4. HP: 26/33 MP: 4/8
  2145 | D:2      | Found a stormy altar of Qazlal.
  2372 | D:2      | Found a sparkling altar of Nemelex Xobeh.
  2383 | D:2      | Noticed Ijyb
  2386 | D:2      | Splashed by Ijyb's acid

Vault maps used:
D:1:      zaba_arrival_water
D:2:      tgw_xom, lemuel_doored_altar, lemuel_crystal_altar,
          nicolae_overflow_hidden_temple, grunt_qazlal_clouds,
          kennysheep_generic_room_6, uniq_terence, uniq_iyjb

Skill      XL: |  1  2  3 |
---------------+----------+-----
Fighting       | 1 2 |  2.2
Armour         | 1 |  1.0
Axes           | 1 2 |  2.7
Dodging        | |  1.7
Stealth        | |  1.7
Spellcasting   | |  3.0
Conjurations   | |  1.0
Summonings     | |  1.0
Translocations | |  0.8

Action                   |  1- 3 |  4- 6 || total
-------------------------+-------+-------++-------
Melee: Hand axe          |   126 |    40 ||   166
Throw: Stone             |     3 |       ||     3
 Cast: Magic Dart        |    62 |       ||    62
  Use: Scroll            |     1 |     1 ||     2
       Potion            |     1 |       ||     1
  Eat: Chunk             |     3 |     2 ||     5
Armor: Robe              |    22 |       ||    22
       Ring mail         |    25 |       ||    25
       Scale mail        |       |    24 ||    24
Dodge: Dodged            |   101 |    28 ||   129
